 Dungeon Crawl Stone Soup version 0.31.0-12-g77e489cdc1 (webtiles) character file.

Game seed: 18342696037177323165

7 Killerpretzel the Changeling (level 2, 0/18 HPs)
             Began as an Octopode Shapeshifter on Feb 13, 2024.
             Slain by a ball python (3 damage)
             ... on level 1 of the Dungeon.
             The game lasted 00:00:10 (212 turns).

Killerpretzel the Changeling (Octopode Shapeshifter) Turns: 212, Time: 00:00:11

Health: 0/18       AC:  1    Str: 13    XL:     2   Next: 4%
Magic:  2/2        EV: 13    Int: 12    God:
Gold:   0          SH:  0    Dex: 11    Spells: 1/1 levels left

rFire   . .          .
                       - Unarmed
rCold   . . .        (no shield)
rNeg    . . .        (helmet currently unavailable)
rPois   .            (no amulet)
rElec   .            (no ring)
rCorr   .            (no ring)
SInv    .            (no ring)
Will    .....        (no ring)
Stlth   ++           (no ring)
HPRegen 0.23/turn    (no ring)
MPRegen 0.08/turn    (no ring)
                     (no ring)

%: no passive effects
@: beast-form
A: beast (slay +1), almost no armour, amphibious, 8 rings, camouflage 1,
gelatinous body 1, (nimble swimmer 1), tentacles
a: Begin Untransformation


You were on level 1 of the Dungeon.
You were a hulking beast.
You visited 1 branch of the dungeon, and saw 1 of its levels.

Inventory:

Talismans
 b - a beast talisman
 c - a flux talisman
Scrolls
 f - a scroll of identify {unknown}
Potions
 a - a potion of lignification
 d - a potion of might {unknown}
 e - a potion of heal wounds {unknown}
 g - a potion of curing {unknown}


   Skills:
 + Level 1.2 Fighting
 + Level 2.1 Dodging
 + Level 3.1 Unarmed Combat
 * Level 3.1 Shapeshifting


You had one spell level left.
You didn't know any spells.
Your spell library contained the following spells:

 Spells                   Type           Power      Damage    Failure   Level
 Freeze                   Ice            0%         1d3       32%         1
 Frozen Ramparts          Ice            0%         1d1       69%         3
 Hailstorm                Conj/Ice       0%         3d5       69%         3


Dungeon Overview and Level Annotations

Branches:
Dungeon (1/15)

Altars:


Innate Abilities, Weirdness & Mutations

You are a hulking beast.
Your limbs bulge with bestial killing power. (Slay +1)
You cannot wear most types of armour.
You are amphibious.
You can wear up to eight rings at the same time.
Your skin changes colour to match your surroundings (Stealth+).
Your rubbery body absorbs attacks. (AC +1, EV +1)
((You are camouflaged when in or above water. (Stealth+)))
You have tentacles for arms and can constrict up to eight enemies at once.


Message History

A bat comes into view.
The kobold throws a stone.
The stone barely misses you.
An endoplasm comes into view.
The endoplasm quivers.
The kobold throws a stone.
The stone hits you.
A ball python and a giant cockroach come into view.
The bat hits you but does no damage.
The kobold throws a stone.
The stone closely misses you.
You barely miss the bat.
The ball python hisses angrily.
Your grab misses the bat. The bat hits you but does no damage.
The bat misses you.
The kobold throws a stone.
The stone misses you.
You see here 11 gold pieces.
You tentacle-slap the bat. Your grab misses the bat.
The bat is severely wounded.
The bat hits you but does no damage.
You miss the bat. You grab the bat. You squeeze the bat.
You kill the bat!
The endoplasm hits you. The ball python bites you. The ball python grabs you.
The ball python constricts you.
You have reached level 2!
You are too injured to fight recklessly!
You are too injured to fight recklessly!
You are too injured to fight recklessly!
You are too injured to fight recklessly!
You are too injured to fight recklessly!
You are too injured to fight recklessly!
You are too injured to fight recklessly!
You are too injured to fight recklessly!
You are too injured to fight recklessly!
You are too injured to fight recklessly!
There are monsters nearby!
You escape the ball python's grasp.
The endoplasm hits you.
The kobold hits you with a +0 short sword.
The kobold attacks as it pursues you!
The kobold hits you with a +0 short sword.
* * * LOW HITPOINT WARNING * * *
You closely miss the ball python. You grab the ball python.
You constrict the ball python. The ball python bites you.
You die...

#..###.#.....# #..#
#### #.......# #####..#
... ###.###.# #......#
#.....# #...#.#
#.###..# .......
###.#.####.# #..#
....... #..†.......#
#..# ..)....##
#........### #..+
........######........#
#..#
.........##.Sh........#
#..#
........†.#K###########
#..# .......$..J.# #...
..........### #...
.........## ####
........## .......##
....... .......


You could see an endoplasm, a ball python and a kobold.

Vanquished Creatures
  A dart slug (D:1)
  A goblin (D:1)
  2 bats (D:1)
  2 frilled lizards (D:1)
6 creatures vanquished.

Notes
Turn   | Place    | Note
-------+----------+-------------------------------------------
     0 | D:1      | Killerpretzel the Octopode Shapeshifter began the quest for
                  | the Orb.
     0 | D:1      | Reached XP level 1. HP: 13/13 MP: 1/1
   206 | D:1      | Reached XP level 2. HP: 12/18 MP: 2/2
   212 | D:1      | Slain by a ball python

Illustrated notes

Levels and vault maps discovered:
D:1:      lemuel_arrival_room, layout_basic, chequers_big_river,
          nicolae_figureground_pulse

Action                     || total
---------------------------++-------
  Melee: Unarmed           ||    12
         Constrict         ||     3
         Tentacles         ||     2
         Punch             ||     1
   Stab: Sleeping          ||     3
 Armour: Skin              ||    13
  Dodge: Dodged            ||     5
